 Dungeon Crawl Stone Soup version 0.29.1-13-g9f3cf754e1 (webtiles) character file.

Game seed: 4734739644553946679

642 hbarley the Chopper (level 7, -6/61 HPs)
             Began as a Hill Orc Fighter on Feb 2, 2023.
             Mangled by an orc
             ... wielding a +0 trident
              (7 damage)
             ... on level 5 of the Dungeon.
             The game lasted 00:06:45 (4659 turns).

hbarley the Chopper (Hill Orc Fighter)              Turns: 4659, Time: 00:06:46

Health: -6/61      AC:  7    Str: 19    XL:     7   Next: 51%
Magic:  7/7        EV:  9    Int:  8    God:
Gold:   268        SH:  5    Dex: 12    Spells: 6/6 levels left

rFire   . . .      SeeInvis .   a - +0 war axe
rCold   . . .      Faith    .   c - +0 buckler
rNeg    . . .      Spirit   .   b - +0 scale mail
rPois   .          Reflect  .   (no helmet)
rElec   .          Harm     .   (no cloak)
rCorr   .          Rampage  .   (no gloves)
Will    .....                   (no boots)
Stlth   ..........              (no amulet)
HPRegen 0.20/turn               (no ring)
MPRegen 0.10/turn               (no ring)

@: no status effects
A: no striking features
a: no special abilities


You were on level 5 of the Dungeon.
You visited 1 branch of the dungeon, and saw 5 of its levels.

You collected 268 gold pieces.

Inventory:

Hand Weapons
 a - a +0 war axe (weapon)
Armour
 b - a +0 scale mail (worn)
 c - a +0 buckler (worn)
 h - a scarf of harm
Jewellery
 m - a ring of positive energy
Wands
 d - a wand of roots (4)
Scrolls
 e - a scroll of vulnerability {unknown}
 f - 7 scrolls of identify {unknown}
 i - a scroll of immolation {unknown}
 k - 3 scrolls of enchant armour {unknown}
 l - 2 scrolls of teleportation {unknown}
 r - 4 scrolls of enchant weapon {unknown}
Potions
 g - a potion of degeneration {unknown}
 j - 3 potions of curing {unknown}
 n - a potion of berserk rage {unknown}
 o - a potion of brilliance {unknown}
 p - 2 potions of flight {unknown}
 q - a potion of lignification {unknown}
 s - a potion of attraction {unknown}
 t - a potion of heal wounds {unknown}


   Skills:
 + Level 5.3 Fighting
 + Level 7.3 Axes
 + Level 5.2 Armour
 + Level 1.4 Dodging
 + Level 0.1 Stealth
 + Level 4.2 Shields


You had 6 spell levels left.
You didn't know any spells.
Your spell library contained the following spells:

 Spells                   Type           Power      Damage    Failure   Level
 Beastly Appendage        Tmut           0%         N/A       85%         1
 Wereblood                Tmut           0%         N/A       94%         2
 Gell's Gravitas          Tloc           0%         N/A       99%         3
 Lesser Beckoning         Tloc           0%         N/A       99%         3
 Spider Form              Tmut/Pois      0%         N/A       99%         3
 Teleport Other           Tloc           0%         N/A       99%         3
 Hailstorm                Conj/Ice       0%         3d3       100%        4
 Ice Form                 Ice/Tmut       0%         N/A       100%        4
 Olgreb's Toxic Radiance  Pois           0%         N/A       100%        4
 Simulacrum               Ice/Necr       0%         N/A       100%        6
 Ozocubu's Refrigeration  Ice            0%         4d7       100%        7
 Ignition                 Fire           0%         3d3       100%        8


Dungeon Overview and Level Annotations

Branches:
Dungeon (5/15)
 Temple: D:4-7

Altars:

Annotations:
D:5 Prince Ribbit


Message History

You block the orc's attack.
You miss Prince Ribbit.
Prince Ribbit is moderately wounded.
Prince Ribbit hits you but does no damage.
The orc hits you from afar with a +0 trident.
Prince Ribbit barely misses you.
You hit Prince Ribbit.
Prince Ribbit is moderately wounded.
Prince Ribbit hits you but does no damage.
You block the orc's attack.
Prince Ribbit catches a mosquito with his tongue.
Prince Ribbit hits you!
You closely miss Prince Ribbit.
Prince Ribbit is moderately wounded.
The orc hits you from afar with a +0 trident.
Prince Ribbit hits you but does no damage.
You closely miss Prince Ribbit.
Prince Ribbit is moderately wounded.
Prince Ribbit hits you. The orc closely misses you. Prince Ribbit hits you.
You closely miss Prince Ribbit.
Prince Ribbit is moderately wounded.
You block the orc's attack. Prince Ribbit hits you!
* * * LOW HITPOINT WARNING * * *
The orc hits you from afar with a +0 trident.
* * * LOW HITPOINT WARNING * * *
You barely miss Prince Ribbit.
Prince Ribbit is moderately wounded.
Prince Ribbit hits you but does no damage.
Prince Ribbit hits you.
* * * LOW HITPOINT WARNING * * *
The orc hits you from afar with a +0 trident.
* * * LOW HITPOINT WARNING * * *
You miss Prince Ribbit.
Prince Ribbit is moderately wounded.
Prince Ribbit blinks!
You block the orc's attack.
Prince Ribbit lets out a mournful croak.
The orc hits you with a +0 trident.
* * * LOW HITPOINT WARNING * * *
You closely miss the orc. The orc hits you with a +0 trident!
You die...

######.#.####.############.#
#.....................#
###...####.##############
###.....÷..........#
#...#####.##.#####.#
##..........#†#
#..#######..#.# # ...####.
#..#.#####.####
........##..#...@oF....#
##.####.##..#######.#.#..
##.# #..# # ##.# #..# ##.#
#..# ##.# # #..#
##.####.##..# ...##..(....#
#####.#.##..#


You could see Prince Ribbit and an orc.

Vanquished Creatures
  Sigmund (D:2)
  An ice beast (D:5)
  A necrophage (D:5)
  2 scorpions (D:4)
  A hound (D:2)
  3 iguanas (D:5)
  3 adders (D:3)
  An ufetubus (D:5)
  2 worms
  3 orcs
  5 ball pythons
  6 endoplasms
  5 giant cockroaches
  4 hobgoblins
  8 jackals
  5 quokkas
  5 bats
  4 frilled lizards
  2 goblins (D:2)
  6 kobolds
  2 rats
70 creatures vanquished.

Notes
Turn   | Place    | Note
-------+----------+-------------------------------------------
     0 | D:1      | hbarley the Hill Orc Fighter began the quest for the Orb.
     0 | D:1      | Reached XP level 1. HP: 19/19 MP: 1/1
   485 | D:1      | Reached XP level 2. HP: 27/27 MP: 2/2
   505 | D:1      | Reached skill level 3 in Axes
   955 | D:2      | Reached XP level 3. HP: 20/33 MP: 3/3
  1317 | D:2      | Reached XP level 4. HP: 40/40 MP: 4/4
  1317 | D:2      | Noticed Sigmund
  1330 | D:2      | Killed Sigmund
  1331 | D:2      | Reached skill level 5 in Axes
  1331 | D:2      | Reached skill level 1 in Dodging
  1331 | D:2      | Reached XP level 5. HP: 4/47 MP: 5/5
  2271 | D:3      | Reached XP level 6. HP: 51/53 MP: 6/6
  3205 | D:4      | Reached skill level 6 in Axes
  3663 | D:4      | Reached skill level 5 in Fighting
  4012 | D:5      | Entered Level 5 of the Dungeon
  4202 | D:5      | Reached XP level 7. HP: 46/61 MP: 7/7
  4468 | D:5      | Reached skill level 7 in Axes
  4468 | D:5      | Reached skill level 5 in Armour
  4638 | D:5      | Noticed Prince Ribbit
  4658 | D:5      | HP: 1/61 [orc/+0 trident (6)]
  4659 | D:5      | Mangled by an orc

Illustrated notes

Levels and vault maps discovered:
D:1:      spicycebolla_arrival_ecumenical, layout_loops_ring
D:2:      layout_loops_corners, serial_forest, infiniplex_forest_lined_room_2,
          infiniplex_forest_straight_2, infiniplex_forest_straight_3,
          infiniplex_forest_lined_corner, infiniplex_forest_clump_medium,
          uniq_sigmund
D:3:      layout_loops_cross, chequers_serial_rivers_large_b,
          minmay_statues_item, hangedman_glass_teeth, minmay_misc_feat_ornament
D:4:      nicolae_cairo_tiling, layout_loops_ring
D:5:      layout_basic, ebering_ghost_rock_garden, uniq_prince_ribbit1

Skill      XL: |  1  2  3  4  5  6  7 |
---------------+----------------------+-----
Axes           | 3 5 6 7 |  7.3
Fighting       | 4 5 |  5.3
Armour         | 4 5 |  5.2
Dodging        | 1 |  1.4
Shields        | 4 |  4.2
Stealth        | |  0.1

Action                   |  1- 3 |  4- 6 |  7- 9 || total
-------------------------+-------+-------+-------++-------
Melee: War axe           |    68 |   146 |    33 ||   247
Evoke: Wand              |       |       |     1 ||     1
  Use: Potion            |       |     1 |       ||     1
Armor: Scale mail        |    32 |    60 |    11 ||   103
Dodge: Dodged            |    52 |    62 |    11 ||   125
Block: Buckler           |    14 |    35 |     9 ||    58
